Map: Cerulean Fall LE

Players

Odin - Winner!

  • Race: Protoss Protoss
  • League: Gold
  • Spawn Location: 1:00

keyser

  • Race: Terran Terran
  • League: Gold
  • Spawn Location: 7:00

VOD

Have the link to the VOD?

Description

Time

  • Played on: Dec. 11, 2018, 1:10 a.m.
  • Length: 29:56
Show
View Real Time Build Order
Export as new Build Order

Odin Protoss - Winner!

Build Orders:  

Get SALT Encoding   

  12  0:02  Probe  
  13  0:13  Pylon  
  13  0:18  Probe  
  13  0:26  Probe  
  15  0:37  Gateway  
  15  0:40  Probe  
  16  0:52  Probe, Assimilator  
  17  1:07  Assimilator  
  17  1:18  Probe  
  17  1:24  Cybernetics Core  
  18  1:30  Pylon  
  18  1:43  Probe  
  18  1:44  Assimilator  
  19  1:54  Probe  
  19  1:55  Gateway  
  19  2:00  Warp Gate  
  20  2:05  Probe  
  20  2:07  Adept  
  23  2:17  Probe  
  24  2:25  Robotics Facility  
  24  2:31  Pylon  
  24  2:32  Probe  
  25  2:50  Probe  
  26  2:52  Adept x2  
  30  3:02  Stargate  
  31  3:12  Observer  
  31  3:26  Probe  
  32  3:36  Nexus  
  32  3:46  Immortal  
  34  4:04  Oracle  
  34  4:06  Probe  
  33  4:11  Pylon  
  36  4:18  Probe  
  37  4:30  Probe, Assimilator  
  38  4:34  Assimilator  
  38  4:43  Probe  
  39  4:50  Probe  
  40  4:55  Probe  
  41  5:02  Probe  
  41  5:06  Stargate  
  42  5:07  Probe  
  43  5:14  Probe  
  43  5:19  Probe  
  45  5:27  Twilight Council  
  45  5:30  Pylon  
  45  5:31  Pylon  
  45  5:34  Gateway  
  45  5:35  Gateway  
  45  5:55  Probe x2  
  45  6:02  Phoenix x2  
  45  6:03  Probe x2  
  48  6:05  Charge  
  48  6:08  Immortal  
  54  6:12  Probe  
  54  6:13  Probe  
  55  6:30  Shield Battery  
  55  6:35  Phoenix x2  
  55  6:37  Zealot x2  
  63  6:47  Observer  
  64  7:01  Phoenix x2  
  68  7:03  Stalker  
  68  7:04  Stalker  
  68  7:05  Stalker x2  
  76  7:23  Pylon  
  76  7:24  Pylon  
  76  7:30  Templar Archives  
  76  7:31  Robotics Bay  
  76  7:37  Phoenix  
  76  7:41  Phoenix, Pylon  
  80  7:48  Zealot x2  
  84  7:58  Immortal  
  88  8:01  Probe x2  
  90  8:13  Probe x2  
  92  8:26  Forge  
  92  8:28  Forge  
  76  8:59  Oracle x2  
  81  9:21  Probe  
  81  9:22  Probe  
  83  9:35  Nexus  
  83  9:36  Stalker  
  83  9:37  Assimilator, Stalker x3  
  91  9:41  Assimilator  
  91  9:42  Pylon  
  91  9:43  Protoss Ground Weapons Level 1, Protoss Ground Armor Level 1  
  91  9:44  Colossus  
  97  9:45  Pylon  
  97  9:46  Psionic Storm  
  97  10:01  Photon Cannon  
  97  10:06  Probe x2  
  99  10:18  Probe x2, High Templar x2  
  99  10:19  High Templar x2  
  109  10:30  Probe x2  
  109  10:32  Extended Thermal Lance  
  111  10:36  Pylon  
  111  10:37  Pylon  
  111  10:41  Gateway x2  
  111  10:42  Probe x2  
  113  10:54  Probe  
  113  10:55  Probe  
  113  10:56  Probe  
  116  11:04  Photon Cannon  
  116  11:06  Probe, Photon Cannon, Shield Battery  
  116  11:08  Shield Battery  
  117  11:12  Zealot  
  117  11:13  Zealot  
  121  11:20  Colossus  
  127  11:30  Probe x3  
  130  11:55  Fleet Beacon  
  130  12:46  Probe  
  130  12:47  Probe x2  
  133  12:54  Protoss Ground Weapons Level 2, Protoss Ground Armor Level 2  
  133  12:58  Nexus  
  133  12:59  Probe x3  
  133  13:00  Pylon  
  133  13:04  Pylon  
  133  13:05  Assimilator  
  136  13:09  Assimilator  
  136  13:10  Cybernetics Core  
  136  13:11  Tempest x2  
  146  13:36  Pylon  
  146  13:41  Photon Cannon x2  
  146  13:42  Shield Battery  
  146  13:43  Shield Battery  
  146  13:57  Probe x2  
  146  13:59  Probe  
  149  14:21  Tempest x2  
  149  14:23  Colossus  
  165  14:29  Stargate  
  165  14:32  Stargate  
  165  14:34  Gateway  
  165  14:37  Gateway  
  114  14:59  Zealot x2  
  100  15:00  Zealot x4  
  108  15:13  Tempest  
  108  15:14  Gateway, Tempest x2  
  118  15:18  Gateway  
  123  15:28  Colossus  
  129  15:31  High Templar x5  
  129  15:32  High Templar  
  141  15:47  Photon Cannon  
  141  15:48  Photon Cannon  
  141  15:50  Photon Cannon  
  141  15:51  Photon Cannon  
  141  15:52  Shield Battery x2  
  141  15:54  Shield Battery  
  141  15:55  Shield Battery  
  137  16:07  Zealot x8  
  111  16:38  Gateway x2  
  111  16:39  Tempest  
  111  16:40  Tempest x3  
  111  16:43  Colossus  
  137  17:16  Tempest x3  
  137  17:17  Tempest  
  137  17:21  High Templar x3  
  137  17:22  High Templar  
  165  17:41  Zealot x6  
  165  17:43  Zealot x2  
  181  17:54  Gateway  
  181  17:56  Gateway  
  181  18:02  Tempest  
  181  18:04  Nexus  
  186  18:07  Pylon  
  186  18:08  Assimilator, Pylon  
  186  18:12  Assimilator  
  186  18:13  Pylon  
  186  18:16  Pylon  
  186  18:24  Colossus  
  186  18:25  Tempest  
  197  18:27  Tempest  
  197  18:38  Tempest  
  197  19:02  Zealot  
  199  19:03  Probe  
  200  20:24  Protoss Air Weapons Level 1, Protoss Air Armor Level 1  
  200  20:25  Protoss Ground Weapons Level 3, Protoss Ground Armor Level 3  
  182  20:50  Observer  
  165  21:01  High Templar  
  167  21:10  Colossus  
  173  21:11  Tempest x3  
  173  21:12  Tempest  
  178  21:23  Archon x3  
  178  21:24  Archon  
  118  21:56  Zealot x7  
  118  21:57  Zealot x7  
  118  22:00  Nexus  
  146  22:04  Assimilator  
  146  22:08  Assimilator  
  146  22:10  Pylon  
  146  22:13  Pylon  
  146  22:45  Colossus  
  146  22:46  Carrier x2  
  146  22:47  Carrier  
  146  22:48  Carrier  
  170  23:24  High Templar x4  
  178  23:38  Robotics Facility  
  178  23:43  Immortal  
  182  24:01  Protoss Air Weapons Level 2, Protoss Air Armor Level 2  
  182  24:17  Nexus  
  182  24:21  Assimilator  
  182  24:24  Assimilator  
  182  24:25  Immortal, Pylon  
  182  24:28  Pylon  
  186  24:44  Nexus  
  186  24:47  Assimilator  
  186  24:51  Assimilator  
  198  24:52  Carrier  
  198  24:53  Carrier, Pylon  
  198  24:56  Pylon  
  197  25:08  High Templar  
  199  25:42  Nexus  
  199  25:46  Assimilator  
  183  26:19  Carrier x2  
  195  26:29  Observer  
  195  26:32  Protoss Air Armor Level 3, Protoss Air Weapons Level 3  
  196  26:34  Protoss Shields Level 1  
  196  26:55  High Templar  
  196  26:56  Zealot  
  200  27:18  Pylon  
  200  27:20  Pylon  
  200  28:11  Carrier x2  
  200  28:12  Carrier  
  195  29:22  High Templar x2  
  199  29:26  Archon  
Show
View Real Time Build Order
Export as new Build Order

keyser Terran 

Build Orders:  

Get SALT Encoding   

  12  0:05  SCV  
  13  0:17  SCV  
  13  0:20  Supply Depot  
  14  0:31  SCV  
  15  0:44  Barracks  
  15  0:46  Refinery  
  15  0:47  SCV  
  16  0:59  SCV  
  17  1:11  SCV  
  17  1:16  Supply Depot  
  18  1:26  SCV  
  19  1:36  Barracks, Reaper  
  20  1:45  Orbital Command  
  20  2:08  Marine  
  20  2:13  SCV  
  20  2:15  Factory  
  22  2:25  SCV  
  22  2:26  Marine  
  22  2:27  Marine  
  25  2:44  Marine  
  25  2:45  Marine  
  27  3:03  Refinery  
  27  3:07  Barracks Tech Lab  
  27  3:08  Factory Tech Lab, Supply Depot  
  27  3:18  Starport  
  27  3:25  Marine  
  28  3:35  Cyclone  
  31  3:51  Command Center  
  31  4:04  Barracks Reactor  
  31  4:06  Starport Tech Lab  
  31  4:20  Supply Depot  
  31  4:27  Cyclone  
  31  4:29  Marine  
  35  4:32  SCV  
  35  4:38  Engineering Bay  
  36  4:41  Supply Depot  
  36  4:42  Marine x2  
  36  4:44  SCV  
  39  4:46  Marine  
  39  4:47  Combat Shield  
  40  4:55  Viking  
  40  4:56  SCV  
  43  5:17  Marine x2  
  45  5:27  Bunker, Orbital Command  
  45  5:29  SCV  
  45  5:33  Raven  
  48  5:41  SCV  
  49  5:47  Refinery  
  49  5:48  Marine x2, Refinery  
  50  5:53  SCV  
  49  6:05  SCV  
  49  6:09  SCV  
  51  6:15  Missile Turret  
  51  6:17  SCV  
  52  6:20  Missile Turret  
  52  6:21  SCV  
  53  6:29  SCV  
  53  6:30  Barracks  
  54  6:33  SCV  
  54  6:34  Starport Reactor  
  55  6:41  SCV  
  56  6:50  Supply Depot  
  56  6:52  Supply Depot  
  57  6:54  SCV x2  
  57  6:56  Siege Tank  
  61  7:06  SCV x2  
  63  7:18  SCV  
  63  7:22  Armory  
  64  7:25  SCV  
  64  7:28  Marine x3, Siege Tank  
  71  7:30  SCV  
  72  7:46  Marine x3  
  75  7:53  Command Center  
  75  7:55  Stimpack  
  75  7:56  Medivac x2  
  79  8:00  Siege Tank  
  79  8:04  Marine  
  83  8:20  Sensor Tower  
  83  8:24  Marine, Marauder  
  86  8:32  Supply Depot  
  86  8:35  Marine, Medivac x2  
  86  8:36  Supply Depot  
  91  8:42  Marine  
  91  8:45  Marauder  
  91  8:53  Marine  
  91  8:54  Thor  
  98  9:00  Marine  
  99  9:06  Marauder  
  101  9:16  Terran Vehicle Weapons Level 1  
  101  9:21  Marine x2  
  103  9:27  Marine  
  103  9:36  Medivac x2  
  103  9:37  Thor  
  113  9:39  Marine  
  114  9:55  Missile Turret  
  114  10:00  Missile Turret  
  114  10:03  Missile Turret  
  114  10:06  Concussive Shells, Missile Turret  
  114  10:09  Terran Infantry Weapons Level 1  
  114  10:11  Medivac x2  
  114  10:12  Marine x3  
  121  10:15  Orbital Command  
  121  10:18  SCV  
  121  10:19  SCV  
  123  10:30  Marine x2  
  125  10:37  Starport  
  125  10:38  Marauder, Factory  
  125  10:39  Supply Depot  
  125  10:40  Supply Depot  
  127  10:43  Smart Servos  
  127  10:46  Medivac  
  127  10:47  Marine  
  127  10:48  Marine  
  131  10:59  Marauder  
  131  11:03  SCV x3  
  136  11:05  Marine  
  137  11:15  SCV x3  
  140  11:19  Siege Tank  
  140  11:25  Refinery  
  143  11:28  Factory Tech Lab, Starport Tech Lab  
  143  11:39  SCV x3  
  146  11:46  Supply Depot  
  146  11:47  Terran Vehicle Weapons Level 2  
  146  11:48  Supply Depot  
  146  11:51  SCV x3  
  149  12:07  Raven, Refinery  
  149  12:08  SCV, Siege Tank  
  155  12:09  Supply Depot  
  155  12:16  Missile Turret  
  151  12:40  Siege Tank  
  154  12:50  SCV x2  
  156  12:55  SCV  
  157  13:02  SCV  
  157  13:03  Supply Depot  
  158  13:07  SCV  
  158  13:09  Medivac x2  
  163  13:16  Siege Tank  
  166  13:21  Supply Depot  
  166  13:22  Liberator x2  
  166  13:23  Supply Depot  
  166  13:26  Supply Depot x2  
  166  13:30  Command Center  
  172  13:51  Supply Depot  
  172  14:12  Raven  
  172  14:14  Supply Depot  
  174  14:22  Viking x2  
  175  14:52  Viking x2  
  142  14:55  Raven  
  143  15:11  Marauder  
  143  15:12  Marine x2  
  147  15:25  Terran Infantry Weapons Level 2, Terran Vehicle Weapons Level 3  
  147  15:29  Marine  
  147  15:30  Marine  
  147  15:33  Marauder  
  151  15:37  Raven  
  153  15:47  Marine x2  
  155  15:54  Marauder  
  154  16:05  Marine x2  
  153  16:15  Marauder  
  129  16:37  Marauder  
  129  16:38  Thor x2  
  143  16:40  Marine x2  
  143  16:45  Viking x2  
  149  16:48  Raven  
  149  16:53  Orbital Command  
  151  16:58  Marine x3  
  154  17:07  Barracks x2  
  148  17:09  Barracks  
  148  17:15  Marine, Viking x2  
  150  17:16  Marine x2  
  150  17:20  Thor  
  150  17:21  Thor  
  162  17:33  Marine  
  162  17:34  Marine x2  
  163  17:45  Viking x2  
  163  17:49  SCV x2  
  169  17:51  Marine  
  169  17:56  Refinery  
  170  17:58  Refinery  
  170  18:03  Marine x3, Thor x2  
  185  18:06  Terran Infantry Weapons Level 3  
  185  18:09  Marine  
  185  18:12  Ghost Academy  
  186  18:13  Ghost Academy  
  186  18:15  Viking x2, Ghost Academy  
  184  18:20  Marine x2  
  184  18:21  Marine  
  183  18:27  Marine  
  178  18:38  Marine x3  
  177  18:44  Marine  
  177  18:46  Barracks Tech Lab  
  177  18:47  Barracks Reactor x2  
  178  18:56  Marine x3  
  178  19:02  Marine  
  181  19:03  Viking x2  
  181  19:04  Viking  
  181  19:08  Terran Ship Weapons Level 1  
  181  19:09  Personal Cloaking  
  188  19:11  Nuke  
  188  19:12  Nuke  
  188  19:14  Marine  
  189  19:24  Ghost x2  
  189  19:26  Marine x6  
  199  19:32  Marine  
  200  19:44  Marine  
  200  19:52  Ghost  
  197  19:53  Marine  
  194  20:52  Viking  
  194  20:53  Viking  
  194  20:56  Raven  
  149  21:13  Siege Tank x2  
  153  21:22  Viking  
  153  21:23  Viking  
  133  21:39  Raven  
  135  21:45  Siege Tank  
  135  21:46  Siege Tank  
  141  21:52  Viking  
  141  21:53  Viking  
  145  22:01  Command Center  
  145  22:17  Siege Tank  
  145  22:18  Siege Tank  
  145  22:19  Marine x7  
  145  22:20  Marine x2  
  145  22:22  Raven, Viking x2  
  166  22:36  Marine  
  166  22:37  Marine x7  
  167  22:38  Marine  
  175  22:44  Orbital Command  
  175  22:49  Siege Tank  
  175  22:50  Siege Tank  
  176  22:53  Refinery  
  176  22:54  Marine x3  
  176  22:55  Marine x6  
  176  22:56  Refinery  
  182  23:04  Raven  
  180  23:12  Marine x3  
  182  23:28  Ghost x3  
  182  23:32  Marine  
  182  23:33  Marine x5  
  194  23:47  Raven  
  196  23:51  Refinery  
  196  23:57  Ghost, Sensor Tower  
  198  24:21  Terran Ship Weapons Level 2  
  198  24:49  Viking  
  162  25:30  Viking  
  162  25:31  Viking x2  
  168  26:00  Viking  
  168  26:01  Viking x2  
  174  26:06  Planetary Fortress  
  174  26:26  Thor x2  
  174  26:30  Viking  
  188  26:38  Terran Ship Weapons Level 3  
  188  26:56  Command Center  
  188  27:02  Command Center  
  188  27:06  Command Center  
  188  27:08  Thor x2  
  199  28:01  Orbital Command  
  197  28:13  Planetary Fortress  
  197  28:14  Planetary Fortress  
  197  28:17  Planetary Fortress  
  195  28:34  Refinery  
Tags
 
Add a new tag
Caveats
  • Supply blocks, unpowered buildings, or Contaminate may cause inaccurate times.
  • Supply counts are checked every 10 seconds.